Map: Orbital Shipyard

Players

Hindulaatti

  • Race: Terran Terran
  • League: Gold

Tyrean - Winner!

  • Race: Zerg Zerg
  • League: Gold

VOD

Have the link to the VOD?

Description

Time

  • Played on: Dec. 13, 2015, 4:44 p.m.
  • Length: 15:32
Show
View Real Time Build Order
Export as new Build Order

Hindulaatti Terran 

Build Orders: Command Center First (CC), MMM Bio 

Get SALT Encoding   

  12  0:01  SCV  
  13  0:13  SCV  
  14  0:25  SCV  
  14  0:26  Supply Depot  
  15  0:48  SCV  
  16  0:57  Command Center  
  16  1:00  SCV  
  17  1:10  Barracks  
  17  1:14  SCV  
  18  1:20  Refinery  
  18  1:26  SCV  
  19  1:38  SCV  
  20  1:47  Supply Depot  
  20  1:57  Orbital Command  
  20  1:59  Barracks  
  20  2:00  Marine  
  21  2:12  Orbital Command  
  21  2:18  Barracks Reactor  
  22  2:22  SCV  
  22  2:37  SCV  
  22  2:38  SCV  
  22  2:43  Supply Depot  
  24  2:47  Barracks Tech Lab  
  24  2:51  Factory  
  24  2:57  Marine x2  
  26  3:00  SCV x2  
  28  3:06  Refinery  
  28  3:07  Barracks  
  28  3:08  Marine  
  28  3:14  Marine x2  
  28  3:15  SCV x2  
  32  3:26  Marine  
  33  3:27  SCV  
  33  3:28  Stimpack, SCV  
  35  3:43  SCV  
  35  3:44  Marine, SCV  
  35  3:47  Barracks Reactor  
  38  3:52  Hellion x2  
  42  3:57  SCV x2  
  44  4:04  Barracks Reactor  
  44  4:17  Supply Depot x2  
  44  4:18  Supply Depot  
  44  4:19  Command Center  
  44  4:20  Hellion x2  
  44  4:21  SCV  
  44  4:23  SCV  
  50  4:25  Marine  
  50  4:26  Marine  
  50  4:28  Marine  
  53  4:33  SCV  
  54  4:39  SCV  
  54  4:43  Marine  
  54  4:44  Starport, Marine  
  57  4:46  Marine  
  57  4:51  SCV  
  57  4:52  Refinery  
  59  4:53  Refinery  
  59  4:56  Hellion  
  61  5:01  Engineering Bay  
  61  5:03  SCV  
  61  5:04  Marine  
  63  5:09  Marine x3  
  63  5:12  SCV  
  67  5:17  SCV  
  70  5:21  Hellion x2  
  70  5:23  Starport Reactor  
  70  5:28  SCV  
  73  5:29  SCV  
  73  5:34  Engineering Bay, Terran Infantry Weapons Level 1  
  74  5:40  Orbital Command  
  74  5:49  Bunker  
  74  5:54  Marine x2  
  74  5:55  Armory  
  76  5:58  SCV  
  76  5:59  Marine x3, SCV  
  76  6:01  Combat Shields  
  81  6:06  Medivac  
  81  6:07  Medivac  
  85  6:12  Marine  
  84  6:22  Orbital Command  
  84  6:24  Marine x4, SCV x2  
  92  6:25  Hellion  
  92  6:26  Hellion  
  92  6:32  Terran Infantry Armor Level 1  
  92  6:36  SCV  
  93  6:53  Supply Depot  
  93  6:54  Supply Depot  
  93  7:02  Medivac, Supply Depot  
  93  7:05  Medivac  
  70  7:15  SCV x2  
  69  7:20  Marine  
  69  7:21  Marine x4  
  74  7:27  SCV x2  
  74  7:28  Barracks  
  74  7:29  Barracks  
  76  7:30  Barracks  
  76  7:32  Medivac  
  78  7:38  Medivac, Marine x2  
  78  7:39  Marauder, Marine x2  
  86  7:50  SCV x2  
  86  7:51  SCV  
  89  7:54  Terran Infantry Weapons Level 2  
  89  7:56  Marine x2  
  89  7:57  Marine  
  92  8:04  Concussive Shells, Widow Mine  
  92  8:05  Widow Mine  
  96  8:06  Medivac  
  96  8:07  Marine x2  
  96  8:08  Medivac  
  96  8:09  SCV x3  
  96  8:11  Refinery  
  105  8:14  Marine x3  
  108  8:21  SCV  
  107  8:30  Marine  
  107  8:31  Barracks Reactor x3  
  107  8:33  Widow Mine x2  
  108  8:34  Missile Turret x2  
  108  8:36  Missile Turret, Terran Infantry Armor Level 2  
  108  8:40  Missile Turret  
  108  8:43  SCV  
  108  8:44  Marine, SCV x2  
  112  8:54  Marine  
  112  8:55  Marine x2  
  115  8:56  Medivac  
  115  9:01  Supply Depot  
  115  9:02  Supply Depot  
  117  9:03  Supply Depot x2  
  117  9:04  Refinery  
  117  9:22  Medivac, Widow Mine x2, Marine x2  
  117  9:23  Marine x5, SCV x3  
  133  9:40  Marine  
  133  9:41  Marine x5  
  133  9:49  Marine  
  133  9:50  Marine x2  
  134  10:02  Marine  
  134  10:03  Widow Mine x2, Marine x7  
  134  10:04  Medivac  
  134  10:05  Medivac  
  145  10:07  Marine x2  
  145  10:08  Marine  
  121  10:20  Marine  
  121  10:21  Marine x4  
  117  10:23  Missile Turret  
  117  10:26  Supply Depot, Missile Turret, Marine  
  117  10:27  Supply Depot, Marine x5  
  121  10:34  Medivac x2  
  121  10:35  Widow Mine x2  
  129  10:45  Marauder  
  118  10:52  Marine, SCV x3  
  118  10:53  Marine x9  
  131  10:59  Supply Depot  
  131  11:03  Supply Depot  
  131  11:07  Marauder  
  131  11:10  Marine  
  131  11:11  Marine x5  
  139  11:18  Marine  
  139  11:19  Marine x3  
  143  11:26  Widow Mine x2  
  143  11:27  Medivac x2, Marine  
  143  11:28  Marine  
  143  11:29  Marine x3  
  156  11:34  SCV x3  
  156  11:37  Terran Infantry Weapons Level 3  
  159  11:46  SCV  
  160  11:53  Marine  
  160  11:54  Marine x9  
  160  11:55  Widow Mine  
  160  11:57  Medivac x2  
  175  12:07  Marine  
  176  12:11  Marine  
  177  12:22  Marine  
  156  12:23  Widow Mine x2, Marine x8  
  156  12:24  Marine  
  156  12:27  Medivac  
  156  12:29  Marine  
  155  12:40  Marine x5  
  155  12:41  Marine  
  155  12:42  Medivac  
  158  12:57  Medivac  
  144  13:04  Marine x4  
  132  13:16  Barracks Tech Lab, Marine  
  132  13:18  Barracks Tech Lab  
  125  13:20  Marine  
  125  13:22  Liberator x2, Marauder  
  128  13:27  Factory Reactor  
  128  13:31  Barracks  
  128  13:33  Barracks  
  130  13:36  Command Center  
  132  13:41  Marine  
  132  13:42  Marine x7  
  132  13:44  Marauder  
  142  14:00  Marauder, Factory Tech Lab  
  142  14:02  Marauder, Marine  
  146  14:03  Marine x2  
  146  14:06  Marauder  
  151  14:19  Liberator  
  151  14:21  Marauder  
  151  14:22  Thor  
  151  14:23  Marauder, Barracks  
  161  14:27  Marauder  
  156  14:33  Marine  
  156  14:34  Marine  
  156  14:35  Marine x7  
  168  14:43  Marauder  
  168  14:44  Marauder  
  172  14:47  Marine  
  172  14:49  Marauder  
  172  14:51  Marine  
  176  15:01  Marine  
  176  15:02  Marine x3  
  176  15:04  Marauder  
  176  15:06  Marauder  
  183  15:10  Marauder  
Show
View Real Time Build Order
Export as new Build Order

Tyrean Zerg - Winner!

Build Orders: Hatch First, Muta Ling Bane 

Get SALT Encoding   

  12  0:01  Drone  
  13  0:14  Overlord  
  13  0:26  Drone  
  14  0:33  Drone x2  
  16  0:52  Hatchery  
  16  0:54  Drone  
  16  1:09  Spawning Pool  
  16  1:11  Drone  
  16  1:23  Drone x3  
  19  1:27  Extractor  
  18  1:38  Drone  
  19  1:46  Overlord  
  19  1:56  Queen  
  19  1:58  Zergling x2  
  22  2:04  Queen  
  22  2:05  Zergling x2  
  25  2:09  Drone  
  25  2:15  Drone  
  27  2:22  Drone  
  28  2:30  Drone  
  28  2:31  Drone  
  28  2:33  Queen  
  28  2:36  Metabolic Boost  
  32  2:48  Overlord  
  32  2:49  Overlord  
  32  2:53  Drone x2  
  34  3:02  Queen  
  36  3:10  Drone x6  
  42  3:21  Overlord  
  42  3:30  Hatchery  
  41  3:43  Drone x4  
  41  3:44  Drone x3  
  41  3:47  Extractor  
  47  3:49  Drone x5  
  47  3:55  Drone  
  53  4:08  Extractor  
  53  4:09  Extractor  
  50  4:15  Drone  
  50  4:16  Drone, Overlord x4  
  52  4:23  Lair  
  52  4:39  Evolution Chamber  
  52  4:40  Drone x3, Spine Crawler  
  52  4:41  Drone, Evolution Chamber  
  52  4:42  Drone x3, Spine Crawler  
  52  4:43  Drone  
  56  4:47  Drone  
  57  4:54  Queen  
  57  4:55  Drone x3  
  62  5:05  Zergling x10  
  66  5:10  Zerg Melee Weapons Level 1  
  66  5:12  Queen  
  68  5:22  Drone x7  
  68  5:28  Baneling Nest  
  74  5:31  Overseer  
  74  5:34  Spire  
  73  5:43  Drone x2  
  73  5:45  Drone x6  
  73  5:46  Extractor x2  
  79  5:54  Zerg Ground Armor Level 1, Overlord  
  79  5:55  Overlord  
  79  5:56  Overlord  
  79  6:07  Drone  
  79  6:08  Drone x2  
  82  6:17  Zergling x16  
  90  6:30  Overlord x4  
  90  6:31  Centrifical Hooks  
  90  6:39  Zergling x6  
  97  6:40  Zergling x8  
  97  6:41  Hatchery  
  97  6:43  Baneling x9  
  97  6:45  Zergling x2  
  97  6:46  Zergling x2  
  98  6:48  Zerg Flyer Weapons Level 1  
  98  6:56  Zergling x6  
  88  7:09  Zergling x16  
  88  7:14  Mutalisk  
  97  7:20  Mutalisk  
  97  7:21  Mutalisk x4  
  107  7:23  Overseer  
  107  7:24  Pneumatized Carapace  
  107  7:27  Infestation Pit  
  107  7:29  Zerg Melee Weapons Level 2  
  101  7:33  Mutalisk  
  100  7:49  Mutalisk x2  
  100  7:50  Mutalisk  
  106  7:56  Extractor  
  106  7:57  Extractor  
  104  7:58  Drone x3  
  104  7:59  Drone  
  104  8:00  Drone x2  
  104  8:03  Queen  
  111  8:05  Zerg Ground Armor Level 2  
  110  8:24  Drone x8  
  110  8:26  Mutalisk x3  
  121  8:35  Hive  
  121  8:45  Zergling x8  
  121  8:46  Zergling x20  
  135  8:49  Baneling x8  
  135  8:50  Baneling x3  
  135  8:57  Zergling x8  
  135  9:00  Zerg Flyer Armor Level 1  
  139  9:05  Zergling x2  
  139  9:06  Zergling x10, Hatchery  
  139  9:08  Baneling x8  
  144  9:28  Overlord x6  
  144  9:29  Overseer x2  
  144  9:33  Baneling x4  
  144  9:34  Baneling x3  
  144  9:48  Adrenal Glands  
  144  9:49  Ultralisk Cavern  
  137  9:55  Zerg Melee Weapons Level 3  
  137  9:57  Mutalisk  
  136  10:02  Zergling x34  
  136  10:06  Queen  
  131  10:17  Overseer  
  131  10:23  Mutalisk  
  131  10:24  Mutalisk x3  
  131  10:26  Zergling x14  
  131  10:27  Zergling x8  
  150  10:39  Mutalisk x3  
  130  10:50  Chitinous Plating  
  130  10:58  Drone x14  
  130  11:00  Zerg Ground Armor Level 3  
  130  11:01  Zergling x2  
  145  11:09  Mutalisk x2  
  149  11:15  Mutalisk, Extractor x2  
  149  11:17  Spore Crawler  
  148  11:19  Spine Crawler x3  
  145  11:30  Mutalisk  
  145  11:31  Mutalisk x2  
  150  11:44  Ultralisk  
  149  11:54  Ultralisk  
  149  12:01  Mutalisk x3  
  155  12:09  Mutalisk  
  155  12:11  Zergling x26  
  155  12:12  Zergling x10  
  155  12:13  Baneling  
  155  12:14  Baneling x6  
  147  12:26  Ultralisk  
  142  12:34  Ultralisk  
  145  12:37  Zergling x22  
  145  12:38  Zergling x6  
  145  12:44  Queen  
  157  12:51  Ultralisk x2  
  157  12:53  Zergling x6  
  157  12:54  Zergling x2  
  149  13:05  Ultralisk  
  149  13:08  Zergling x12  
  151  13:31  Ultralisk x2  
  163  13:35  Zergling x18  
  172  13:46  Mutalisk x2  
  172  13:47  Mutalisk x3  
  182  13:54  Extractor  
  181  13:56  Hatchery  
  181  14:00  Extractor  
  181  14:01  Mutalisk  
  181  14:03  Overlord x3  
  181  14:11  Baneling x15  
  181  14:20  Mutalisk  
  181  14:21  Mutalisk x3  
  189  14:26  Zergling x10  
  189  14:27  Zergling x2  
  193  14:31  Mutalisk x2  
  197  14:45  Queen  
  199  14:51  Overlord x4  
Tags
 
Add a new tag
Caveats
  • Supply blocks, unpowered buildings, or Contaminate may cause inaccurate times.
  • Supply counts are checked every 10 seconds.